[Event "Titled Tuesday Blitz November 15 Early 2022"]
[White "Bluebaum, Matthias"]
[Black "Martinez Alcantara, Jose Eduardo"]
[WhiteFideId "24651516"]
[BlackFideId "3805662"]
[WhiteElo "2633"]
[BlackElo "2705"]
[Result "0-1"]
[Round "05"]
[TimeControl "180+1"]
[Date "2022.11.15"]
[WhiteClock "0:00:01"]
[BlackClock "0:00:19"]

1. d4 Nf6 2. c4 e6 3. Nc3 Bb4 4. e3 O-O 5. Bd2 d5 6. Nf3 Re8 7. Rc1 a6 8. c5 c6 9. a3 Ba5 10. Ne5 Nfd7 11. Nxd7 Nxd7 12. b4 Bc7 13. f4 f6 14. Bd3 e5 15. O-O e4 16. Be2 f5 17. a4 Nf6 18. b5 axb5 19. axb5 Be6 20. b6 Bb8 21. Ra1 Rxa1 22. Qxa1 h6 23. Be1 Kh7 24. Bg3 Bf7 25. Qd1 Nd7 26. h3 Nf8 27. Bh2 g6 28. g4 Ne6 29. Kh1 Qe7 30. Na4 Ng7 31. Rg1 Rf8 32. Qe1 g5 33. fxg5 Bxh2 34. Kxh2 hxg5 35. gxf5 Nxf5 36. Bg4 Nh4 37. Rf1 Be6 38. Bxe6 Rxf1 39. Qxf1 Nf3+ 40. Kh1 Qxe6 41. Qg2 Kh6 42. Qg3 Qc8 43. Nc3 Qa8 44. Ne2 Qa1+ 45. Kg2 Qb2 46. Kf2 Qd2 47. Kf1 Qd1+ 48. Kf2 Qe1+ 49. Kg2 Qxe2+ 50. Kh1 Qf1+ 51. Qg1 Qxg1# 0-1


[Site "https://www.chess.com"]

[Event "Titled Tuesday Blitz November 15 Early 2022"]
[White "Boruchovsky, Avital"]
[Black "Aaditya Dhingra"]
[WhiteFideId "2800055"]
[BlackFideId "25678191"]
[WhiteElo "2458"]
[BlackElo "2054"]
[Result "0-1"]
[Round "05"]
[TimeControl "180+1"]
[Date "2022.11.16"]
[WhiteClock "0:00:10"]
[BlackClock "0:00:03"]

1. g3 c5 2. Bg2 Nc6 3. c4 g6 4. e3 Bg7 5. Ne2 e6 6. O-O Nge7 7. d4 cxd4 8. Nxd4 Nxd4 9. exd4 d5 10. c5 b6 11. Nc3 O-O 12. Bg5 h6 13. Be3 Nf5 14. Qd3 a5 15. Rfd1 Ba6 16. Qd2 bxc5 17. dxc5 d4 18. Qe1 Qc8 19. Na4 dxe3 20. Nb6 Qxc5 21. Nxa8 Bxb2 22. g4 exf2+ 23. Qxf2 Bd4 24. Rxd4 Nxd4 25. Kh1 e5 26. Re1 Bc4 27. Rc1 Qb4 28. Nc7 Ne2 29. Re1 Nf4 30. Bf3 Qd6 31. Qa7 Rc8 32. Qxa5 Rxc7 33. Rxe5 Be6 34. Re1 Rc2 35. Qa8+ Kh7 36. Qe4 Qd2 37. Re2 Nxe2 38. Qxe6 fxe6 39. Be4 Qe1+ 40. Kg2 Nf4+ 41. Kf3 Qf1+ 42. Ke3 Qf2# 0-1


[Site "https://www.chess.com"]

[Event "Titled Tuesday Blitz November 15 Early 2022"]
[White "Broca Jimenez, Fernando"]
[Black "Chylewski, Patryk"]
[WhiteFideId "5104742"]
[BlackFideId "1186191"]
[WhiteElo "2062"]
[BlackElo "2192"]
[Result "0-1"]
[Round "05"]
[TimeControl "180+1"]
[Date "2022.11.16"]
[WhiteClock "0:00:02"]
[BlackClock "0:00:05"]

1. e4 c5 2. c3 Nf6 3. e5 Nd5 4. d4 e6 5. Nf3 cxd4 6. Bc4 Nb6 7. Bb3 dxc3 8. Nxc3 d5 9. O-O Be7 10. Be3 O-O 11. Rc1 Nc6 12. Bc2 Nc4 13. Bd4 b6 14. Bd3 Nxb2 15. Bxh7+ Kxh7 16. Qc2+ Kg8 17. Qxb2 Nxd4 18. Nxd4 Bb7 19. Rfd1 Rc8 20. Rd3 Bc5 21. Nb3 d4 22. Ne2 Qd5 23. Rg3 Qxe5 24. Re1 Rfd8 25. Qb1 Qf5 26. Rh3 Qxb1 27. Rxb1 d3 28. Nc3 Bxf2+ 29. Kxf2 Rxc3 30. Rd1 Rc2+ 31. Rd2 Rxd2+ 32. Nxd2 e5 33. Ke3 f5 34. Rh5 g6 35. Rh4 f4+ 36. Kf2 Kf7 37. g3 g5 38. Rh7+ Ke6 39. Rxb7 Kf5 40. Rf7+ Ke6 41. Rg7 Kf6 42. Rxa7 Rc8 43. Ra3 Rc2 44. Rxd3 Rxa2 45. Kf3 Kf5 46. Ne4 g4# 0-1


[Site "https://www.chess.com"]

[Event "Titled Tuesday Blitz November 15 Early 2022"]
[White "Bruned, Yvain"]
[Black "Levine, David"]
[WhiteFideId "2250292"]
[BlackFideId "2011611"]
[WhiteElo "2183"]
[BlackElo "2156"]
[Result "1/2-1/2"]
[Round "05"]
[TimeControl "180+1"]
[Date "2022.11.16"]
[WhiteClock "0:01:06"]
[BlackClock "0:00:25"]

1. b3 e5 2. Bb2 f6 3. e3 d5 4. d4 e4 5. c4 c6 6. Qc1 f5 7. Ba3 Bxa3 8. Qxa3 Nf6 9. Nc3 Qe7 10. Qxe7+ Kxe7 11. h4 Be6 12. Nh3 Nbd7 13. Nf4 g6 14. Be2 Bf7 15. Rc1 Rac8 16. Kd2 h6 17. Nh3 Kd6 18. cxd5 Nxd5 19. Nxd5 Bxd5 20. Bc4 Nb6 21. Nf4 Rhg8 22. Bxd5 Nxd5 23. Nxd5 cxd5 24. g3 Kd7 25. a3 Rxc1 26. Rxc1 Rc8 27. Rg1 h5 28. Rb1 Rc6 29. Rb2 Kd6 30. Rc2 Kd7 31. a4 a5 32. Rc3 Kd6 33. Kc2 Rxc3+ 34. Kxc3 b6 35. b4 Ke6 36. bxa5 bxa5 37. Kb3 Kf6 38. Kc3 Ke6 39. Kd2 Kf6 40. Ke2 g5 41. f3 g4 42. f4 Ke6 43. Kd2 Kd6 44. Ke2 Ke6 45. Kd2 Kd6 46. Ke2 Ke6 1/2-1/2


[Site "https://www.chess.com"]

[Event "Titled Tuesday Blitz November 15 Early 2022"]
[White "Cheparinov, Ivan"]
[Black "Pranav, V"]
[WhiteFideId "2905540"]
[BlackFideId "25060783"]
[WhiteElo "2622"]
[BlackElo "2430"]
[Result "0-1"]
[Round "05"]
[TimeControl "180+1"]
[Date "2022.11.15"]
[WhiteClock "0:00:13"]
[BlackClock "0:01:19"]

1. e4 e5 2. Nf3 Nc6 3. Bb5 a6 4. Ba4 d6 5. O-O Bd7 6. c4 g5 7. Nc3 g4 8. Ne1 h5 9. Nc2 Bg7 10. d3 Nge7 11. f4 exf4 12. Bxf4 Ng6 13. Be3 O-O 14. d4 f5 15. exf5 Bxf5 16. Bb3 Na5 17. d5 Qe7 18. Re1 Qh4 19. Qd2 g3 20. hxg3 Qxg3 21. Bf2 Qf4 22. Be3 Qg4 23. Nd4 Nxb3 24. axb3 Nh4 25. Rf1 Rae8 26. Rf4 Qg3 27. Nxf5 Rxf5 28. Rxf5 Nxf5 29. Bf2 Qg4 30. Re1 Be5 31. Qd1 Qg6 32. Qf3 Rf8 33. Qh3 Nh6 34. Ne4 Ng4 35. Bg3 Bd4+ 36. Kh1 Qxe4 37. Qxh5 Qxe1+ 0-1


[Site "https://www.chess.com"]

[Event "Titled Tuesday Blitz November 15 Early 2022"]
[White "Chernov, Mikhail"]
[Black "Cramling Bellon, Anna"]
[WhiteFideId "24143170"]
[BlackFideId "32009232"]
[WhiteElo "2113"]
[BlackElo "1972"]
[Result "1-0"]
[Round "05"]
[TimeControl "180+1"]
[Date "2022.11.16"]
[WhiteClock "0:00:41"]
[BlackClock "0:00:03"]

1. e4 c5 2. Nf3 e6 3. d4 cxd4 4. Nxd4 Nf6 5. Nc3 Nc6 6. Be2 Bb4 7. O-O O-O 8. Be3 Bxc3 9. bxc3 Nxe4 10. Bd3 d5 11. Qh5 g6 12. Qh6 Ne5 13. f3 Nxc3 14. Rae1 Nxd3 15. cxd3 Qf6 16. f4 Bd7 17. Nf3 Nb5 18. a4 d4 19. Bf2 Qg7 20. Qxg7+ Kxg7 21. axb5 Bxb5 22. Bxd4+ Kg8 23. Ne5 Rfd8 24. Ba1 Bxd3 25. Nxd3 Rxd3 26. Rd1 Rad8 27. Rxd3 Rxd3 28. Bf6 Rd7 29. Rc1 h5 30. Rc8+ Kh7 31. Rh8# 1-0


[Site "https://www.chess.com"]

[Event "Titled Tuesday Blitz November 15 Early 2022"]
[White "Ciuffoletti, Paolo"]
[Black "Santos Flores, Alberto"]
[WhiteFideId "807630"]
[BlackFideId "3601234"]
[WhiteElo "2143"]
[BlackElo "2235"]
[Result "1-0"]
[Round "05"]
[TimeControl "180+1"]
[Date "2022.11.16"]
[WhiteClock "0:00:34"]
[BlackClock "0:00:02"]

1. e4 c5 2. d4 cxd4 3. c3 g6 4. Nf3 Bg7 5. Bc4 d3 6. Qb3 e6 7. Bf4 Nc6 8. Bxd3 Nge7 9. Bd6 O-O 10. O-O Re8 11. Nbd2 a6 12. a4 f5 13. e5 Nd5 14. Rfe1 g5 15. Bxf5 Nce7 16. Be4 h6 17. h4 g4 18. Nh2 h5 19. Nhf1 Nf4 20. Qc4 Ned5 21. Ng3 Qxh4 22. Nf5 exf5 23. Bxd5+ Nxd5 24. Qxd5+ Re6 25. Nc4 Qd8 26. a5 h4 27. Nb6 Ra7 28. Bb8 h3 29. Bxa7 hxg2 30. Kxg2 f4 31. Rh1 f3+ 32. Kg1 1-0


[Site "https://www.chess.com"]

[Event "Titled Tuesday Blitz November 15 Early 2022"]
[White "Concio, Michael Jr."]
[Black "Potapova, Margarita"]
[WhiteFideId "5217873"]
[BlackFideId "14126869"]
[WhiteElo "2236"]
[BlackElo "2272"]
[Result "1-0"]
[Round "05"]
[TimeControl "180+1"]
[Date "2022.11.16"]
[WhiteClock "0:00:12"]
[BlackClock "0:00:18"]

1. e4 c5 2. Nf3 d6 3. d4 cxd4 4. Nxd4 Nf6 5. Nc3 a6 6. Be2 e5 7. Nb3 Be7 8. Be3 Be6 9. g4 Nc6 10. g5 Nd7 11. Qd2 Nb6 12. Nd5 Bxd5 13. exd5 Nd4 14. Nxd4 exd4 15. Qxd4 Nd7 16. Qxg7 Rf8 17. O-O-O Qa5 18. Kb1 O-O-O 19. Qd4 Qc5 20. Qe4 Qc7 21. Qxh7 Kb8 22. Qe4 Rc8 23. Rd2 Rfe8 24. Qd4 Qc5 25. Qa4 Qc7 26. Bg4 Rcd8 27. Qd4 Qc5 28. Bxd7 Rxd7 29. Qxc5 dxc5 30. h4 Bd6 31. h5 Be5 32. c4 b5 33. b3 bxc4 34. bxc4 Rb7+ 35. Kc2 Rb2+ 36. Kd3 Rb7 37. Bxc5 Bf4 38. Be3 Bd6 39. h6 Be5 40. Re2 Kc8 41. Bd4 1-0


[Site "https://www.chess.com"]

[Event "Titled Tuesday Blitz November 15 Early 2022"]
[White "Cruz, Jonathan"]
[Black "Ivic, Velimir"]
[WhiteFideId "3802124"]
[BlackFideId "950122"]
[WhiteElo "2406"]
[BlackElo "2625"]
[Result "0-1"]
[Round "05"]
[TimeControl "180+1"]
[Date "2022.11.15"]
[WhiteClock "0:00:01"]
[BlackClock "0:00:17"]

1. e4 c5 2. Nf3 Nc6 3. Bb5 g6 4. O-O Bg7 5. Re1 e5 6. c3 Nge7 7. Na3 O-O 8. d3 a6 9. Bc4 b5 10. Bd5 d6 11. Bg5 Bb7 12. d4 exd4 13. cxd4 c4 14. e5 dxe5 15. Bxc6 Bxc6 16. d5 f6 17. dxc6 fxg5 18. Qxd8 Raxd8 19. c7 Rd7 20. Nxg5 Rf6 21. Rxe5 Rxc7 22. Rae1 Rf5 23. Rxf5 gxf5 24. Ne6 Rd7 25. Nxg7 Kxg7 26. Nc2 Kf6 27. Ne3 Rd2 28. Rb1 Nc6 29. a4 Ne5 30. axb5 axb5 31. g3 Nd3 32. b3 c3 33. Nd5+ Kg5 34. Nxc3 Nxf2 35. Nxb5 Kg4 36. Rf1 Ne4 0-1


[Site "https://www.chess.com"]

[Event "Titled Tuesday Blitz November 15 Early 2022"]
[White "Csonka, Balazs"]
[Black "Pultinevicius, Paulius"]
[WhiteFideId "742910"]
[BlackFideId "12809390"]
[WhiteElo "2404"]
[BlackElo "2493"]
[Result "0-1"]
[Round "05"]
[TimeControl "180+1"]
[Date "2022.11.15"]
[WhiteClock "0:00:02"]
[BlackClock "0:01:06"]

1. d4 Nf6 2. c4 b6 3. Nf3 Bb7 4. g3 g6 5. Bg2 Bg7 6. O-O O-O 7. Nc3 Ne4 8. Qc2 Nxc3 9. Qxc3 e6 10. Bg5 Qc8 11. Qd2 d6 12. Bh6 Nd7 13. Rfe1 Be4 14. Qf4 Qb7 15. Qh4 Nf6 16. Rac1 Rfe8 17. Bg5 Nd7 18. Bh6 Bf6 19. Bg5 Bh8 20. Be3 Nf8 21. Bh6 Bg7 22. Rc3 f5 23. Bxg7 Kxg7 24. d5 e5 25. Re3 h6 26. Rxe4 fxe4 27. Qxe4 Qc8 28. Nh4 Qd7 29. Qd3 a5 30. Be4 Qf7 31. Rf1 Qf6 32. f4 exf4 33. Rxf4 Qxb2 34. Bxg6 Rxe2 35. Rf7+ Kh8 36. Qf3 Re1+ 0-1


[Site "https://www.chess.com"]

[Event "Titled Tuesday Blitz November 15 Early 2022"]
[White "D`Arruda, Ricardo D."]
[Black "Mohammed, Zozek Salah Mohammed"]
[WhiteFideId "100692"]
[BlackFideId "4803361"]
[WhiteElo "2472"]
[BlackElo "2199"]
[Result "1-0"]
[Round "05"]
[TimeControl "180+1"]
[Date "2022.11.16"]
[WhiteClock "0:02:56"]
[BlackClock "0:02:26"]

1. d4 Nf6 2. Nf3 g6 3. Nc3 Bg7 4. e4 d6 5. Bg5 O-O 6. Qd2 c5 7. dxc5 dxc5 8. Qxd8 Rxd8 9. e5 Nd5 10. O-O-O Be6 11. Bc4 1-0


[Site "https://www.chess.com"]

[Event "Titled Tuesday Blitz November 15 Early 2022"]
[White "De Arruda, Leandro Formes"]
[Black "Petrova, Irina"]
[WhiteFideId "22722009"]
[BlackFideId "14124122"]
[WhiteElo "1880"]
[BlackElo "2023"]
[Result "0-1"]
[Round "05"]
[TimeControl "180+1"]
[Date "2022.11.16"]
[WhiteClock "0:00:07"]
[BlackClock "0:00:32"]

1. d4 d6 2. Nf3 g6 3. g3 Bg7 4. Bg2 Nf6 5. O-O O-O 6. b3 Nc6 7. Bb2 Bf5 8. Nbd2 Ne4 9. Nxe4 Bxe4 10. c3 d5 11. a4 e5 12. dxe5 Nxe5 13. Nxe5 Bxg2 14. Kxg2 Bxe5 15. Qd3 c6 16. Rad1 Qb6 17. b4 a5 18. b5 Rad8 19. Ba3 Rfe8 20. c4 dxc4 21. Qxc4 cxb5 22. axb5 Bg7 23. e3 h5 24. Rd5 Rxd5 25. Qxd5 Re5 26. Qd7 Qxb5 27. Qd8+ Kh7 28. Bd6 Rf5 29. e4 Rf6 30. e5 Rf5 31. f4 Qd5+ 32. Kh3 Bxe5 33. g4 hxg4+ 34. Kxg4 Qg2+ 35. Kh4 Rh5# 0-1


[Site "https://www.chess.com"]

[Event "Titled Tuesday Blitz November 15 Early 2022"]
[White "Deev, Andrei"]
[Black "Korelskiy, Egor"]
[WhiteFideId "4102690"]
[BlackFideId "34329064"]
[WhiteElo "2290"]
[BlackElo "2043"]
[Result "0-1"]
[Round "05"]
[TimeControl "180+1"]
[Date "2022.11.16"]
[WhiteClock "0:00:04"]
[BlackClock "0:00:19"]

1. e4 c5 2. Nf3 e6 3. c3 d5 4. exd5 exd5 5. d4 Nf6 6. Be3 Qb6 7. Qb3 c4 8. Qc2 Nc6 9. b3 cxb3 10. axb3 Be7 11. Bd3 h6 12. O-O O-O 13. Nbd2 Be6 14. Ne5 Rac8 15. Qb1 Qc7 16. Ndf3 Bd6 17. Nxc6 bxc6 18. b4 Ng4 19. h3 Nxe3 20. fxe3 Rfe8 21. e4 dxe4 22. Bxe4 Bc4 23. Rf2 Bg3 24. Rb2 Bf4 25. Bd3 Bd5 26. Qf1 Be3+ 27. Kh1 Qg3 28. Rxa7 Bf4 29. Qf2 Re3 30. Qxg3 Bxg3 31. Bf5 Rce8 32. Ra1 Rxc3 33. b5 cxb5 34. Bd7 Rd8 35. Bxb5 Bf4 36. Be2 g5 37. Rd1 Re3 38. Kg1 Rde8 39. Kf2 h5 40. Rd3 R3e6 41. Kf1 Bc4 42. Rdd2 Bxd2 43. Rxd2 Rxe2 44. Rxe2 Bxe2+ 45. Kf2 Bxf3 46. Kxf3 Rd8 47. h4 gxh4 48. Ke4 Kg7 49. Ke5 f6+ 50. Ke4 Kg6 51. d5 Kg5 52. Kd4 Kg4 53. Ke4 Kg3 54. Kf5 Kxg2 55. Kxf6 Rxd5 0-1


[Site "https://www.chess.com"]

[Event "Titled Tuesday Blitz November 15 Early 2022"]
[White "Demin, Vladimir"]
[Black "Kryakvin, Dmitry"]
[WhiteFideId "4167457"]
[BlackFideId "4153278"]
[WhiteElo "2559"]
[BlackElo "2414"]
[Result "1-0"]
[Round "05"]
[TimeControl "180+1"]
[Date "2022.11.16"]
[WhiteClock "0:00:46"]
[BlackClock "0:00:33"]

1. d4 Nf6 2. Nc3 d5 3. Bf4 e6 4. e3 Bb4 5. a3 Bxc3+ 6. bxc3 c5 7. c4 O-O 8. Nf3 Ne4 9. Bd3 Qa5+ 10. Nd2 cxd4 11. exd4 Nc6 12. O-O Nxd4 13. Nxe4 dxe4 14. Bxe4 e5 15. Qh5 f5 16. Bd5+ Be6 17. Bxe5 Bxd5 18. Bxd4 Bxc4 19. Rfe1 Rf7 20. Re5 Qd2 21. c3 Bd3 22. f3 f4 23. Rae1 Bg6 24. Re8+ Rf8 25. Qd5+ Kh8 26. Rxf8+ Rxf8 27. Bxg7+ 1-0


[Site "https://www.chess.com"]

[Event "Titled Tuesday Blitz November 15 Early 2022"]
[White "Deuer, Marius"]
[Black "Guzman, Christopher"]
[WhiteFideId "16236432"]
[BlackFideId "6405096"]
[WhiteElo "2226"]
[BlackElo "2272"]
[Result "0-1"]
[Round "05"]
[TimeControl "180+1"]
[Date "2022.11.16"]
[WhiteClock "0:00:05"]
[BlackClock "0:01:23"]

1. d4 Nf6 2. Bg5 d5 3. Bxf6 gxf6 4. e3 Rg8 5. g3 c5 6. Nf3 Nc6 7. Bg2 Bg4 8. O-O cxd4 9. exd4 e6 10. c3 Qb6 11. Qb3 Qxb3 12. axb3 Bh6 13. b4 Kd7 14. b5 Ne7 15. Nbd2 Kc7 16. Ra3 Kb6 17. c4 Bxf3 18. c5+ Kxb5 19. Nxf3 Kc6 20. Rfa1 a6 21. b4 Rab8 22. Bf1 Kc7 23. b5 axb5 24. Bxb5 Bg7 25. Ra7 e5 26. Kg2 e4 27. Nd2 f5 28. Nb3 Rgd8 29. R1a6 Nc8 30. c6 Nxa7 31. Rxa7 Kb6 32. Ra5 bxc6 33. Be2 Kc7 34. Ra7+ Rb7 35. Ra3 Kd6 36. Nc5 Rc7 37. Ra6 Bxd4 38. Nb3 0-1


[Site "https://www.chess.com"]

[Event "Titled Tuesday Blitz November 15 Early 2022"]
[White "Dias, Joao Batista"]
[Black "Kaminski, Victor"]
[WhiteFideId "2108240"]
[BlackFideId "1131630"]
[WhiteElo "1898"]
[BlackElo "2181"]
[Result "0-1"]
[Round "05"]
[TimeControl "180+1"]
[Date "2022.11.16"]
[WhiteClock "0:01:40"]
[BlackClock "0:01:41"]

1. e4 c5 2. Nf3 Nc6 3. d4 cxd4 4. Nxd4 Nf6 5. Nc3 e5 6. Nxc6 dxc6 7. Qxd8+ Kxd8 8. Be3 Be6 9. O-O-O+ Kc7 10. Kb1 Ng4 11. Re1 Nxe3 12. Rxe3 Bc5 13. Rf3 f6 14. h3 Rad8 15. Bd3 h5 16. a3 a5 17. Rg3 Rd7 18. Rf1 b5 19. Ne2 b4 20. a4 b3 21. f4 bxc2+ 22. Bxc2 Bc4 23. Re1 Bf2 0-1


[Site "https://www.chess.com"]

[Event "Titled Tuesday Blitz November 15 Early 2022"]
[White "Donchenko, Alexander"]
[Black "Yaran, Siar"]
[WhiteFideId "24603295"]
[BlackFideId "6323006"]
[WhiteElo "2572"]
[BlackElo "2191"]
[Result "0-1"]
[Round "05"]
[TimeControl "180+1"]
[Date "2022.11.16"]
[WhiteClock "0:00:06"]
[BlackClock "0:00:04"]

1. c4 e6 2. g3 d5 3. Bg2 Nf6 4. Nf3 Be7 5. d4 O-O 6. O-O dxc4 7. Qc2 a6 8. a4 Bd7 9. Qxc4 Bc6 10. Bf4 Bd6 11. Qc1 Nbd7 12. Nc3 Qe7 13. Re1 e5 14. Bg5 exd4 15. Nxd4 Bxg2 16. Kxg2 h6 17. Nf5 Qe5 18. Nxd6 hxg5 19. Nc4 Qe6 20. b3 b5 21. axb5 axb5 22. Nd2 Rxa1 23. Qxa1 b4 24. Na4 Qd5+ 25. Nf3 g4 26. Qb1 Re8 27. Rd1 Qa8 28. Qc2 Ne5 29. Qf5 Ng6 30. Kg1 gxf3 31. exf3 Re5 32. Qd3 Rd5 33. Qe2 Rxd1+ 34. Qxd1 Qd5 35. Qc2 Ne5 36. Qxc7 Nxf3+ 37. Kf1 Nxh2+ 38. Kg1 Nf3+ 39. Kf1 Nd2+ 40. Kg1 Nxb3 41. Nb6 Qd1+ 42. Kg2 Nd4 43. Qc8+ Kh7 44. Qh3+ Kg6 45. Nc4 Qf3+ 46. Kg1 Qd1+ 47. Kg2 Nc6 48. Ne3 Qd3 49. Qc8 Ne5 50. Qb8 Qe4+ 51. Kf1 Nfg4 52. Qb6+ f6 53. Nd1 Qd3+ 54. Kg2 Qxd1 55. Qxb4 Qf3+ 56. Kh3 Qh1# 0-1


[Site "https://www.chess.com"]

[Event "Titled Tuesday Blitz November 15 Early 2022"]
[White "Durarbayli, Vasif"]
[Black "Paravyan, David"]
[WhiteFideId "13402935"]
[BlackFideId "4194985"]
[WhiteElo "2586"]
[BlackElo "2546"]
[Result "1/2-1/2"]
[Round "05"]
[TimeControl "180+1"]
[Date "2022.11.15"]
[WhiteClock "0:00:06"]
[BlackClock "0:00:03"]

1. e4 e5 2. Nf3 Nf6 3. Nxe5 d6 4. Nf3 Nxe4 5. d4 d5 6. Bd3 Bd6 7. O-O O-O 8. Re1 Bf5 9. Nc3 Nxc3 10. bxc3 Bxd3 11. Qxd3 Qd7 12. Rb1 b6 13. Ng5 g6 14. c4 dxc4 15. Qxc4 Nc6 16. Ne4 Be7 17. Bb2 Na5 18. Qd3 f5 19. Nd2 Bf6 20. Rbd1 Rfe8 21. Rxe8+ Rxe8 22. Nb3 Nb7 23. Kf1 Nd6 24. c4 Qa4 25. c5 Nc4 26. Bc3 Na3 27. d5 Bxc3 28. Qxc3 Nb5 29. Qd3 Qb4 30. a4 Nc3 31. Rc1 Qxb3 32. Qxc3 Qxd5 33. cxb6 cxb6 34. Kg1 Qe5 35. Qb3+ Qe6 36. Qb1 Kg7 37. h3 Re7 38. Qb2+ Qe5 39. Qc2 Qf6 40. Qc4 Qe5 41. Rd1 Kh6 42. Qc2 Qe2 43. Qc1+ Kg7 44. g3 Qe5 45. Qc2 Qf6 46. h4 f4 47. Qd3 Rf7 48. Rd2 a5 49. Kh2 fxg3+ 50. fxg3 Qf1 51. Qd4+ Qf6 52. Qe3 Re7 53. Qb3 Qe6 54. Qxe6 Rxe6 55. Rd7+ Kh6 56. Rb7 Re2+ 57. Kh3 Rb2 58. g4 Rb3+ 59. Kg2 Rb4 60. Kg3 Rb3+ 61. Kf4 Rb4+ 62. Kg3 g5 63. h5 Rb3+ 64. Kg2 Rb2+ 65. Kf3 Rb3+ 66. Kg2 Rb4 67. Kg3 Rb1 68. Kf3 Rf1+ 69. Kg3 Rf6 70. Rb8 Kg7 71. Rb7+ Kg8 72. Rb8+ Kg7 73. Rb7+ Kh6 74. Kh3 Rf3+ 75. Kg2 Rf4 76. Kg3 Rb4 77. Kh3 Rb3+ 78. Kg2 1/2-1/2


[Site "https://www.chess.com"]

[Event "Titled Tuesday Blitz November 15 Early 2022"]
[White "Fabris, Alberto"]
[Black "Kostiukov, Alexandr"]
[WhiteFideId "801348"]
[BlackFideId "14108100"]
[WhiteElo "2042"]
[BlackElo "2202"]
[Result "1-0"]
[Round "05"]
[TimeControl "180+1"]
[Date "2022.11.16"]
[WhiteClock "0:00:12"]
[BlackClock "0:00:00"]

1. d4 g6 2. e4 Bg7 3. c4 d6 4. Nc3 e5 5. dxe5 dxe5 6. Qxd8+ Kxd8 7. f4 Nd7 8. Nf3 c6 9. Be3 exf4 10. Bxf4 Ke7 11. e5 Bh6 12. g3 Bxf4 13. gxf4 Nh6 14. Ne4 Nf5 15. Kf2 f6 16. exf6+ Nxf6 17. Re1 Nxe4+ 18. Rxe4+ Kd6 19. Ne5 Be6 20. b3 Rhe8 21. Bh3 Kc7 22. Bxf5 Bxf5 23. Rd4 Rad8 24. Rhd1 Rxd4 25. Rxd4 g5 26. Kg3 Re7 27. Rd2 a5 28. h4 gxh4+ 29. Kxh4 Rg7 30. a3 b5 31. cxb5 cxb5 32. b4 axb4 33. axb4 Be4 34. Rd4 Bf5 35. Rd5 Kb6 36. Rd6+ Kc7 37. Rc6+ Kb7 38. Rc5 Kb6 39. Rc6+ Kb7 40. Rf6 Be4 41. Kh5 Rg1 42. Nd7 Kc7 43. Nc5 Bg6+ 44. Kh6 Rh1+ 45. Kg7 Rf1 46. Ne6+ Kd6 47. Ng5+ Kd5 48. Nxh7 Bxh7 49. Kxh7 Ke4 50. Rb6 1-0


[Site "https://www.chess.com"]

[Event "Titled Tuesday Blitz November 15 Early 2022"]
[White "Fajdetic, Hrvoje"]
[Black "Storey, Charles H"]
[WhiteFideId "14501945"]
[BlackFideId "406686"]
[WhiteElo "2172"]
[BlackElo "2252"]
[Result "1/2-1/2"]
[Round "05"]
[TimeControl "180+1"]
[Date "2022.11.16"]
[WhiteClock "0:00:09"]
[BlackClock "0:00:09"]

1. b3 g6 2. Bb2 Nf6 3. g3 Bg7 4. Bg2 c5 5. d3 d5 6. Nd2 Nc6 7. e4 d4 8. Ne2 e5 9. O-O h5 10. h3 h4 11. g4 g5 12. f3 Ng8 13. Rf2 Nge7 14. c3 O-O 15. a3 Be6 16. b4 dxc3 17. Nxc3 cxb4 18. axb4 Nxb4 19. Bf1 Nxd3 20. Bxd3 Qxd3 21. Nf1 Qxd1 22. Rxd1 Ng6 23. Nb5 Nf4 24. Kh2 a5 25. Nc7 Rac8 26. Nxe6 Nxe6 27. Ne3 Nd4 28. Bxd4 exd4 29. Nf5 Be5+ 30. Kg2 Rc4 31. Rb2 Rb8 32. Rb5 Rc2+ 33. Kg1 f6 34. Rxa5 Rc3 35. Nxd4 Bxd4+ 36. Rxd4 Rxf3 37. e5 Rc8 38. exf6 Kf7 39. Rxg5 Kxf6 40. Rf5+ Rxf5 41. gxf5 b5 42. Rxh4 Rb8 43. Rb4 Kxf5 44. Kg2 Ke5 45. Kg3 Kd5 46. Kg4 Kc5 47. Rb1 Rg8+ 48. Kf5 Rh8 49. Kg4 b4 50. h4 Kc4 51. h5 Kc3 52. Kg5 b3 53. Kg6 Kc2 54. Rh1 b2 55. h6 Rb8 56. h7 Ra8 57. Rh2+ Kc1 58. Rxb2 Kxb2 59. Kg7 Ra7+ 60. Kg8 Rxh7 61. Kxh7 1/2-1/2


[Site "https://www.chess.com"]

[Event "Titled Tuesday Blitz November 15 Early 2022"]
[White "Fathy, Elameir"]
[Black "Shuvalova, Polina"]
[WhiteFideId "10600396"]
[BlackFideId "24171760"]
[WhiteElo "2311"]
[BlackElo "2342"]
[Result "0-1"]
[Round "05"]
[TimeControl "180+1"]
[Date "2022.11.16"]
[WhiteClock "0:00:05"]
[BlackClock "0:00:24"]

1. d4 Nf6 2. c4 e6 3. Nf3 d5 4. g3 Bb4+ 5. Nbd2 O-O 6. Bg2 b6 7. O-O Bb7 8. a3 Be7 9. cxd5 exd5 10. b4 Nbd7 11. Rb1 c6 12. Re1 Re8 13. Bb2 Bd6 14. Ba1 Qe7 15. Nh4 g6 16. e4 dxe4 17. Nxe4 Nxe4 18. Bxe4 Nf6 19. Bg2 Qxe1+ 20. Qxe1 Rxe1+ 21. Rxe1 Re8 22. Rxe8+ Nxe8 23. Nf3 f6 24. Nd2 Nc7 25. Kf1 Kf7 26. Ke2 Ke6 27. Kd3 Nd5 28. Nc4 Ba6 29. Bf1 Be7 30. Kc2 Bb5 31. Kb3 Kd7 32. Bh3+ Kc7 33. Ne3 Kd6 34. a4 Be2 35. Bg2 Nxe3 36. fxe3 f5 37. Bc3 Bg5 38. Bd2 Bd1+ 39. Ka3 Kd7 40. a5 Be7 41. Kb2 Ba4 42. Bf3 Bb5 43. Bc3 Bd3 44. Bd2 h5 45. Bc3 Bd6 46. Be1 Be4 47. Bd1 h4 48. gxh4 Bxh2 49. Bb3 Ke7 50. Bf2 Bd6 51. Kc3 Kf6 52. Bc4 Kg7 53. Be2 Kh6 54. Bd1 Bg2 55. Be2 Bh3 56. axb6 axb6 57. b5 cxb5 58. Bxb5 Kh5 59. Bd3 Kg4 60. e4 Kf3 61. Be1 fxe4 62. Bc4 Bg3 63. Bd2 e3 64. Bxe3 Kxe3 65. Bf7 Bf5 66. d5 Bxh4 67. d6 Bd8 68. Kc4 g5 69. Kd5 g4 0-1


[Site "https://www.chess.com"]

[Event "Titled Tuesday Blitz November 15 Early 2022"]
[White "Fedoseev, Vladimir"]
[Black "Narayanan, Srinath"]
[WhiteFideId "24130737"]
[BlackFideId "5018420"]
[WhiteElo "2726"]
[BlackElo "2459"]
[Result "1-0"]
[Round "05"]
[TimeControl "180+1"]
[Date "2022.11.15"]
[WhiteClock "0:00:39"]
[BlackClock "0:00:02"]

1. e4 e5 2. Nf3 Nc6 3. Bb5 a6 4. Bxc6 dxc6 5. O-O f6 6. d4 exd4 7. Nxd4 c5 8. Nb3 Qxd1 9. Rxd1 Be6 10. Nc3 Rd8 11. Bf4 Bd6 12. Bxd6 cxd6 13. Na5 Rd7 14. Na4 Ke7 15. Nb6 Rc7 16. Nac4 Rc6 17. Nd5+ Kd7 18. Na5 Bxd5 19. Rxd5 Rc7 20. Rad1 Ne7 21. Rxd6+ Kc8 22. Nc4 Nc6 23. c3 b5 24. Nb6+ Kb7 25. Nd7 c4 26. a4 Re8 27. axb5 axb5 28. f3 Ra8 29. R1d5 Ra5 30. Kf2 Kc8 31. Nc5 Ra2 32. Rd2 Kb8 33. Ne6 Rc8 34. Nxg7 Ne5 35. Rb6+ Ka7 36. Rxb5 Ka6 37. Rbd5 Nd3+ 38. Ke3 Nxb2 39. Nf5 Rb8 40. Nd4 Ra3 41. Rd6+ Ka5 42. Nc6+ Ka4 43. Nxb8 1-0


[Site "https://www.chess.com"]

[Event "Titled Tuesday Blitz November 15 Early 2022"]
[White "Fiedorek, Michal"]
[Black "Johnson, Ben"]
[WhiteFideId "1199528"]
[BlackFideId "2010917"]
[WhiteElo "2201"]
[BlackElo "2128"]
[Result "1-0"]
[Round "05"]
[TimeControl "180+1"]
[Date "2022.11.16"]
[WhiteClock "0:00:16"]
[BlackClock "0:00:07"]

1. e4 c5 2. Nf3 Nc6 3. b3 e5 4. Bb2 d6 5. Bc4 Be7 6. O-O Nf6 7. Re1 O-O 8. Nc3 Bg4 9. h3 Bh5 10. Nd5 Nd4 11. Be2 Nxe2+ 12. Qxe2 Nxd5 13. exd5 f5 14. d3 Bg5 15. Bc1 h6 16. Qf1 Bxf3 17. gxf3 Bxc1 18. Raxc1 Qh4 19. Qg2 f4 20. Qg4 Qe7 21. Kh2 Rf6 22. Rg1 Raf8 23. Rg2 b5 24. Rcg1 R8f7 25. c4 b4 26. Qc8+ Kh7 27. Rg4 Qd7 28. Qxd7 Rxd7 29. a4 bxa3 30. Ra1 Rb7 31. Rxa3 Rf8 32. Ra6 Rd8 33. Rg1 g5 34. Rga1 Rxb3 35. Rxa7+ Kg6 36. Re7 Rxd3 37. Re6+ Kh5 38. Ra7 Rg8 39. Rxd6 Rxf3 40. Kg2 Rc3 41. Rc7 Rxc4 42. Rcc6 Rh8 43. Re6 Rd4 44. d6 c4 45. Rxe5 Rd8 46. Re6 c3 47. d7 f3+ 48. Kg3 Rh8 49. Re8 Rxd7 50. Rxh8 Rd3 51. Rhxh6# 1-0


[Site "https://www.chess.com"]